 Dungeon Sprint DCSS version 0.24-a0-582-g4d4af81 (webtiles) character file.

Game seed: 3465116859511768004

1743 silentkaos13 the Cruncher (level 8, -4/66 HPs)
             Began as a Demonspawn Gladiator on Aug 28, 2019.
             Was a Follower of Makhleb.
             Slain by a centaur warrior (10 damage)
             ... in the Dungeon (Sprint I: "Red Sonja").
             The game lasted 00:06:44 (1751 turns).

silentkaos13 the Cruncher (Demonspawn Gladiator)    Turns: 1751, Time: 00:06:46

Health: -4/66      AC:  6    Str: 17    XL:     8   Next: 77%
Magic:  12/12      EV: 17    Int: 10    God:    Makhleb [*.....]
Gold:   697        SH:  0    Dex: 14    Spells: 8/11 levels left

rFire    + . .     SeeInvis .   a - +0 quarterstaff
rCold    + . .     Gourm    .   (shield currently unavailable)
rNeg     . . .     Faith    .   l - +1 leather armour {rC+}
rPois    .         Spirit   .   c - +0 helmet
rElec    .         Reflect  .   (no cloak)
rCorr    .         Harm     .   (no gloves)
MR       .....     NoTele   +   (no boots)
Stlth    ++........             (no amulet)
HPRegen  0.21/turn              (no ring)
MPRegen  0.13/turn              (no ring)

@: very slow
A: talons 2, rugged brown scales 1, fire resistance 1, powered by pain 1
a: Renounce Religion


You were in the Dungeon.
You worshipped Makhleb.
Makhleb was aware of your devotion.
You were not hungry.

You visited 1 branch You collected 827 gold pieces.
You spent 130 gold pieces at shops.

Inventory:

Hand Weapons
 a - a +0 quarterstaff (weapon)
Missiles
 d - a throwing net (quivered)
Armour
 b - a +0 leather armour
 c - a +0 helmet (worn)
 l - a +1 leather armour of cold resistance (worn)
Wands
 n - a wand of iceblast (6)
Potions
 e - 5 potions of curing
 h - a potion of haste
 i - 2 potions of magic
 j - a potion of berserk rage
 m - 2 potions of flight {unknown}
Comestibles
 f - 3 rations


   Skills:
 + Level 6.3 Fighting
 + Level 11.7 Staves
 - Level 4.6 Throwing
 + Level 3.2 Armour
 + Level 8.8 Dodging
 - Level 5.2 Stealth
 * Level 2.2 Spellcasting
 * Level 2.1 Charms
 * Level 2.6 Necromancy
 * Level 6.4 Invocations


You had 8 spell levels left.
You knew the following spells:

 Your Spells              Type           Power        Failure   Level  Hunger
a - Regeneration          Chrm/Necr      #.........   36%         3    ####...

Your spell library contained the following spells:

 Spells                   Type           Power        Failure   Level  Hunger
 Animate Skeleton         Necr           N/A          12%         1    ##.....
 Pain                     Necr           #...         12%         1    ##.....
 Vampiric Draining        Necr           #.........   34%         3    ####...
 Animate Dead             Necr           N/A          75%         4    #####..


Dungeon Overview and Level Annotations

Branches:
Dungeon (1/1)

Altars:
Cheibriados
Dithmenos
Elyvilon
Fedhas
Gozag
Hepliaklqana
Kikubaaqudgha
Makhleb
Nemelex Xobeh
Okawaru
Qazlal
Ru
Sif Muna
Trog
Uskayaw
Vehumet
Wu Jian
Xom
Yredelemnul
Zin
The Shining One
Jiyva
Lugonu

Shops:
D *![

Annotations:
D Sonja


Innate Abilities, Weirdness & Mutations

You have razor-sharp toenails.
You are partially covered in rugged brown scales. (AC +1, +3% HP)
Your flesh is heat resistant. (rF+)
You sometimes gain a little power by taking damage.


Message History

The centaur warrior is severely wounded.
The centaur warrior hits you!
* * * LOW HITPOINT WARNING * * *
The centaur warrior completely misses you. x2
Throwing (i - inventory. (/) - cycle)
g - 2 curare-tipped darts (quivered)
Press: ? - help, Shift-Dir - straight line, f - centaur warrior, p - centaur warrior
Aim: a centaur warrior (purple smoke, severely wounded)
You throw a curare-tipped dart.
The curare-tipped dart closely misses the centaur warrior.
The centaur warrior barely misses you. The centaur warrior misses you.
Throwing (i - inventory. (/) - cycle)
g - a curare-tipped dart (quivered)
Press: ? - help, Shift-Dir - straight line, f/p - centaur warrior
Aim: a centaur warrior (purple smoke, severely wounded)
You throw a curare-tipped dart.
The curare-tipped dart hits the centaur warrior.
The centaur warrior is poisoned.
The centaur warrior convulses.
The centaur warrior seems to slow down.
The centaur warrior is almost dead.
The centaur warrior hits you!
You die...

########################
.#..').#.)'..#__#..'.).#
.'†.#..'..#..'^.'..#)..#
.#####'#####'#__####...+
.####..#...#.####§§#####
.#__####..##.#§§§§§#
.#_____##'#_.+§§§c§+
⌠#_.∩...'..._#≈§@c§#
##_..__##_.#'##§####
#_____###'#)#(...###
##########.####'###[##
........'...'.....'(∩#
#++++####...##########
###.### #.#'#.# #.....#


You could see 2 centaur warriors.

Vanquished Creatures
  A deep troll (D)
  2 kobold demonologists (D)
  A slime creature (D)
  Sigmund (D)
  A yak (D)
  A floating eye (D)
  An ogre (D)
  A jelly (D)
  Ijyb (D)
  A ballistomycete (D)
11 creatures vanquished.

Vanquished Creatures (others)
  A gargoyle (D)
  2 ballistomycete spores (D)
3 creatures vanquished.

Grand Total: 14 creatures vanquished

Notes
Turn   | Place    | Note
-------+----------+-------------------------------------------
     0 | D        | silentkaos13 the Demonspawn Gladiator began the quest for
                  | the Orb.
     0 | D        | Reached XP level 1. HP: 16/16 MP: 1/1
     1 | D        | Noticed Ijyb
    14 | D        | Killed Ijyb
    14 | D        | Reached skill level 4 in Staves
    14 | D        | Gained mutation: You sometimes gain a little power by
                  | taking damage. [demonic ancestry]
    14 | D        | Reached XP level 2. HP: 19/23 MP: 2/2
    61 | D        | Noticed an ogre
    71 | D        | Killed an ogre
    71 | D        | Reached skill level 6 in Staves
    71 | D        | Reached skill level 1 in Armour
    71 | D        | Reached skill level 5 in Dodging
    71 | D        | Reached skill level 1 in Stealth
    71 | D        | Gained mutation: You have sharp toenails. [demonic
                  | ancestry]
    71 | D        | Reached XP level 3. HP: 29/29 MP: 3/3
    71 | D        | Gained mutation: Your flesh is heat resistant. (rF+)
                  | [demonic ancestry]
    71 | D        | Reached XP level 4. HP: 35/35 MP: 4/4
    82 | D        | Noticed Sigmund
    90 | D        | Killed Sigmund
    90 | D        | Reached skill level 7 in Staves
    90 | D        | Gained mutation: You are partially covered in rugged brown
                  | scales. (AC +1, +3% HP) [demonic ancestry]
    90 | D        | Reached XP level 5. HP: 37/43 MP: 5/5
   133 | D        | Found a burning altar of Makhleb.
   133 | D        | Found a viscous altar of Jiyva.
   133 | D        | Found a shimmering altar of Xom.
   133 | D        | Found a corrupted altar of Lugonu.
   133 | D        | Noticed a slime creature
   144 | D        | Killed a slime creature
   144 | D        | Reached skill level 9 in Staves
   144 | D        | Gained mutation: You have razor-sharp toenails. [demonic
                  | ancestry]
   144 | D        | Reached XP level 6. HP: 15/50 MP: 6/6
   147 | D        | Became a worshipper of Makhleb the Destroyer
   373 | D        | Found an ornate altar of the Wu Jian Council.
   373 | D        | Found a shimmering blue altar of Sif Muna.
   375 | D        | Found a radiant altar of Vehumet.
   410 | D        | Found Daggoe's Distillery.
   410 | D        | Found an ancient bone altar of Kikubaaqudgha.
   410 | D        | Found a hazy altar of Hepliaklqana.
   410 | D        | Found a stormy altar of Qazlal.
   410 | D        | Found a hide-covered altar of Uskayaw.
   410 | D        | Found a blossoming altar of Fedhas.
   410 | D        | Found a bloodstained altar of Trog.
   410 | D        | Found an iron altar of Okawaru.
   410 | D        | Found a basalt altar of Yredelemnul.
   410 | D        | Found a glowing golden altar of the Shining One.
   410 | D        | Found a snail-covered altar of Cheibriados.
   410 | D        | Found a sacrificial altar of Ru.
   410 | D        | Found a glowing silver altar of Zin.
   410 | D        | Found a shadowy altar of Dithmenos.
   410 | D        | Found a white marble altar of Elyvilon.
   410 | D        | Noticed a yak
   418 | D        | Killed a yak
   418 | D        | Reached skill level 5 in Fighting
   418 | D        | Reached skill level 10 in Staves
   418 | D        | Reached XP level 7. HP: 26/57 MP: 7/7
   419 | D        | Found an opulent altar of Gozag.
   420 | D        | Found a sparkling altar of Nemelex Xobeh.
   594 | D        | Noticed a kobold demonologist
   595 | D        | Noticed a kobold demonologist
   599 | D        | Reached * piety under Makhleb
   610 | D        | Killed a kobold demonologist
   621 | D        | Noticed a sixfirhy
   622 | D        | Killed a kobold demonologist
   622 | D        | Reached skill level 11 in Staves
   622 | D        | Reached skill level 5 in Stealth
   622 | D        | Reached skill level 5 in Invocations
   622 | D        | Reached XP level 8. HP: 39/65 MP: 9/12
   904 | D        | Killed a gargoyle
   924 | D        | Bought a potion of resistance for 100 gold pieces
   924 | D        | Bought a potion of curing for 30 gold pieces
   932 | D        | Noticed Sonja
  1213 | D        | Found Oluumyecu's Assorted Antiques.
  1390 | D        | Learned a level 3 spell: Regeneration
  1404 | D        | Noticed a deep troll
  1413 | D        | HP: 1/65 [deep troll (17)]
  1431 | D        | Killed a deep troll
  1450 | D        | Found Wowuixky's Armour Emporium.
  1740 | D        | Noticed a centaur warrior
  1742 | D        | Noticed a centaur warrior
  1751 | D        | Slain by a centaur warrior

Levels and vault maps discovered:
D:        dungeon_sprint_1 [red_sonja_temple_1, red_sonja_temple_small_1]

Skill      XL: |  1  2  3  4  5  6  7  8 |
---------------+-------------------------+-----
Staves         | 4 6 7 9 10 11 | 11.7
Throwing       | 2 3 4 |  4.6
Dodging        | 4 5 6 7 8 |  8.8
Fighting       | 3 4 5 6 |  6.3
Armour         | 1 2 3 |  3.2
Stealth        | 1 2 3 4 5 |  5.2
Invocations    | 5 6 |  6.4
Spellcasting   | 2 |  2.2
Charms         | 2 |  2.1
Necromancy     | 2 |  2.6

Action                   |  1- 3 |  4- 6 |  7- 9 || total
-------------------------+-------+-------+-------++-------
Melee: Quarterstaff      |    19 |    26 |    55 ||   100
       Kick              |       |     9 |    11 ||    20
Throw: Throwing net      |     2 |       |     2 ||     4
       Dart              |       |       |     7 ||     7
Evoke: Wand              |       |       |     3 ||     3
  Use: Potion            |       |       |     2 ||     2
       Scroll            |       |       |     1 ||     1
 Stab: Held in net/web   |     2 |       |     1 ||     3
       Sleeping          |       |     2 |     1 ||     3
  Eat: Ration            |       |       |     1 ||     1
Armor: Leather armour    |     4 |     1 |    12 ||    17
Dodge: Dodged            |     8 |    10 |    53 ||    71

Table legend:
 A = Non-vault XP
 B = Vault XP
 C = Vault XP percentage of total XP
 D = Non-vault monster count
 E = Vault monster count
 F = Vault count percentage of total count
                 A         B        C        D         E       F
            +---------+---------+-------+---------+---------+-------
      Total |       0 |    2490 | 100.0 |       0 |      10 | 100.0
            +---------+---------+-------+---------+---------+-------
          D |       0 |    2490 | 100.0 |       0 |      10 | 100.0
            +---------+---------+-------+---------+---------+-------
